[Event "Early-Titled-Tuesday-Blitz-April-23-2024"]
[Site "Chess.com"]
[Date "2024.04.23"]
[Round "11"]
[White "Nf3c5"]
[Black "RantomOpening"]
[Result "0-1"]
[WhiteElo "2632"]
[BlackElo "2538"]
[TimeControl "180+1"]
[EndTime "10:15:31 PDT"]
[Termination "RantomOpening won by checkmate"]

1. e4 c5 2. Nc3 Nc6 3. Bb5 Nd4 4. Nf3 e6 5. O-O Nxf3+ 6. Qxf3 a6 7. Bd3 Qc7 8. b3 Bd6 9. h3 Nf6 10. Bb2 Be5 11. Na4 Bxb2 12. Nxb2 b5 13. a4 Rb8 14.
Qe2 Qb6 15. e5 Nd5 16. Qg4 O-O 17. Qh4 f5 18. exf6 Nxf6 19. axb5 axb5 20. Rae1 d5 21.
c3 c4 22. Bc2 b4 23. bxc4 bxc3 24. Na4 Qc7 25. Nxc3 dxc4 26. Ne4 h6 27. Nxf6+ Rxf6 28. Re4 Ba6 29. Rfe1 Rb6 30. Re5 Rd6 31. Qe4 Bb7 32.
Qh7+ Kf7 33. d3 Qb6 34. R5e2 cxd3 35. Bxd3 Qc6 36. Be4 Qb6 37. Bxb7 Qxb7 38. Qc2 Rc6 39. Qd3 Rg6 40. Qe4 Rb6 41. h4 Qd7 42. h5 Rf6 43.
Re3 Rd6 44. Rf3 Rxf3 45. Qxf3+ Kg8 46. g3 Qf7 47. Qg4 Rd5 48. Rxe6 Rxh5 49. Qe2 Rf5 50.
Re8+ Kh7 51. Qe4 Qg6 52. Re6 Rf6 53. Qxg6+ Rxg6 54. Re5 Rf6 55. Kg2 Kg6 56. f4 Rc6 57. Kf3 Rb6 58. Kg4 Rc6 59. Rd5 Kf6 60. Kh5 Rb6 61. g4 Rc6 62. Ra5 Kf7 63. Rf5+ Kg8 64. Rd5 Rf6 65. f5 Rb6 66. Rd8+ Kf7 67. Rd7+ Kf6 68. Rd5 Rb1 69. Rd6+ Kf7 70. Kh4 Rg1 71. Rd7+ Kf6 72. Rd3 Ke5 73. Rh3 Kf4 74. Rh2 Rxg4+ 75.
Kh5 Rg5+ 76. Kh4 Kxf5 77. Rf2+ Kg6 78. Ra2 Rf5 79. Ra6+ Rf6 80. Ra5 Kf7 81. Ra4 Kg6 82.
Ra7 Rf7 83. Ra4 Kh7 84. Ra6 Rf6 85. Ra4 Kg6 86. Kg4 h5+ 87. Kh4 Kh6 88. Ra5 Rf4+ 89. Kg3 Rg4+ 90. Kh3 g6 91. Ra8 Rf4 92. Ra5 Rf5 93.
Ra4 Kg5 94. Kg3 h4+ 95. Kh3 Rf4 96. Ra5+ Rf5 97. Ra4 Rf3+ 98. Kg2 Rg3+ 99. Kh2 Kh5 100. Ra8 g5 101. Rh8+ Kg4 102. Ra8 Rf3 103. Ra4+ Rf4 104. Ra2 h3 105. Ra3 Rf2+ 106. Kg1 Rg2+ 107. Kh1 Rb2 108. Ra4+ Kh5 109. Ra3 g4 110. Ra8 Kh4 111. Ra3 Rc2 112. Rb3 Rf2 113. Ra3 Rf3 114. Ra4 Kg3 115. Ra1 Kh4 116.
Ra2 Rf4 117. Ra1 g3 118. Kg1 Rd4 119. Rc1 Kg4 120. Rb1 Rd2 121. Rb4+ Kf3 122. Rb3+ Kf4 123. Rb4+ Ke5 124. Rb1 Re2 125. Ra1 Kf4 126. Kh1 Kf3 127. Ra3+ Kf2 128. Ra1 Re1+ 129. Rxe1 Kxe1 130. Kg1 Ke2 131. Kh1 Kf3 132. Kg1 g2 133. Kh2 Kf2 134. Kxh3 g1=Q 135. Kh4 Kf3 136. Kh5 Qg7 137. Kh4 Qg4# 0-1